Map: Lockdown LE

Players

ViBE - Winner!

  • Race: Terran Terran
  • League: Master

Maximus

  • Race: Protoss Protoss
  • League: Gold

VOD

Have the link to the VOD?

Description

Time

  • Played on: Oct. 23, 2026, 8:29 p.m.
  • Length: 18:40
Show
View Real Time Build Order
Export as new Build Order

ViBE Terran - Winner!

Build Orders: 2 Factory, Mech 

Get SALT Encoding   

  12  0:00  SCV  
  13  0:12  SCV  
  14  0:17  Supply Depot  
  14  0:24  SCV  
  15  0:39  SCV  
  15  0:41  Barracks  
  16  0:48  Refinery  
  16  0:51  SCV  
  17  1:03  SCV  
  18  1:16  SCV  
  19  1:28  Orbital Command  
  19  1:36  Command Center  
  19  1:39  Marine  
  20  1:51  Factory  
  20  1:54  SCV  
  21  2:02  Supply Depot  
  21  2:06  SCV  
  22  2:18  SCV  
  23  2:24  Marine  
  23  2:29  Refinery  
  24  2:30  SCV  
  24  2:34  Factory Tech Lab  
  25  2:38  Factory  
  25  2:42  SCV  
  26  2:44  Marine  
  26  2:49  Orbital Command  
  27  2:54  SCV  
  28  3:03  Supply Depot  
  28  3:06  SCV  
  28  3:07  Marine  
  28  3:09  Siege Tank  
  33  3:16  SCV  
  33  3:18  SCV  
  35  3:22  Hellion  
  35  3:26  Barracks Reactor  
  37  3:28  SCV  
  37  3:30  SCV  
  37  3:31  Supply Depot  
  39  3:40  SCV  
  40  3:42  Siege Tank, SCV  
  44  3:52  SCV  
  44  3:55  SCV  
  46  3:56  Supply Depot  
  46  4:04  SCV  
  46  4:07  SCV  
  48  4:11  Supply Depot  
  48  4:15  Hellion x2, Siege Tank  
  48  4:16  SCV  
  56  4:19  SCV  
  56  4:22  Armory  
  56  4:28  SCV  
  56  4:31  SCV  
  58  4:35  Command Center  
  58  4:37  Hellion  
  58  4:38  Hellion  
  62  4:41  SCV, Supply Depot  
  62  4:43  SCV  
  64  4:47  Siege Tank  
  67  4:53  SCV  
  67  4:55  SCV  
  67  4:59  Refinery  
  69  5:00  Refinery  
  69  5:04  Supply Depot, Hellion  
  69  5:05  SCV  
  69  5:06  Hellion  
  74  5:07  SCV  
  75  5:19  Thor  
  81  5:22  SCV  
  81  5:23  SCV  
  81  5:26  Hellion  
  81  5:27  Hellion  
  87  5:35  SCV x2, Supply Depot  
  89  5:47  SCV x2  
  89  5:49  Command Center  
  91  5:50  Hellion x2  
  95  6:02  SCV x2  
  97  6:04  Thor  
  97  6:07  Terran Vehicle Weapons Level 1  
  103  6:13  Hellion x2  
  103  6:14  Factory x2, SCV x2  
  103  6:17  Orbital Command  
  109  6:26  SCV x2  
  109  6:28  Supply Depot  
  109  6:30  Supply Depot  
  111  6:38  SCV x2, Hellion x2  
  117  6:45  Armory  
  117  6:50  Thor  
  117  6:52  Engineering Bay  
  117  6:53  SCV x3  
  126  6:58  Refinery  
  126  7:00  Refinery  
  126  7:05  SCV x3  
  129  7:08  Command Center  
  129  7:09  Factory Tech Lab x2  
  129  7:17  SCV x2  
  129  7:18  SCV  
  132  7:27  Hellion x2  
  132  7:28  Thor  
  132  7:29  Thor  
  148  7:38  Thor  
  148  7:39  SCV x2  
  148  7:40  Supply Depot  
  148  7:42  Supply Depot  
  148  7:44  Planetary Fortress  
  156  7:52  Terran Vehicle And Ship Armor Level 1  
  156  7:53  SCV  
  156  7:57  Supply Depot x2, Hellion x2  
  161  8:06  SCV x2  
  161  8:07  SCV  
  161  8:11  Thor  
  161  8:12  Thor  
  176  8:18  SCV x2, Hellion  
  176  8:19  Hellion, SCV  
  183  8:25  Command Center  
  183  8:27  Terran Vehicle Weapons Level 2  
  183  8:34  Refinery  
  183  8:35  Refinery, Thor  
  183  8:39  SCV  
  183  8:40  SCV x3  
  191  8:52  SCV  
  191  8:53  SCV  
  191  8:54  SCV  
  192  8:56  Thor  
  192  8:57  Hellion  
  200  9:20  Missile Turret  
  200  9:23  Missile Turret  
  200  9:24  Planetary Fortress  
  200  9:26  Missile Turret  
  200  9:28  Missile Turret  
  200  9:47  Command Center, Missile Turret  
  200  9:51  Factory  
  200  9:52  Factory  
  200  9:53  Factory  
  200  9:55  Factory  
  200  9:57  Factory  
  192  10:05  Factory  
  192  10:06  Thor, Factory x2  
  182  10:07  Thor, Factory  
  182  10:09  Hellion x2  
  182  10:10  Hellion, Factory  
  120  10:30  Hellion  
  120  10:32  Refinery  
  120  10:33  Refinery  
  122  10:37  Thor  
  122  10:42  Factory Reactor  
  128  10:43  Factory Reactor x2  
  128  10:44  Factory Reactor  
  128  10:45  Factory Tech Lab  
  128  10:48  Hellion, Thor  
  136  10:50  Factory Tech Lab x4  
  136  10:52  Thor  
  136  10:53  Hellion  
  144  11:04  Command Center  
  144  11:05  Thor  
  144  11:10  Thor  
  156  11:14  Thor  
  156  11:15  Hellion  
  156  11:16  Hellion x4  
  172  11:20  Hellion  
  174  11:31  Hellion  
  174  11:32  Hellion x7  
  192  11:33  Hellion  
  192  11:35  Hellion  
  192  11:36  Thor  
  192  11:38  Factory Tech Lab  
  200  11:51  Factory x2  
  200  11:57  Terran Vehicle And Ship Armor Level 2, Terran Vehicle Weapons Level 3  
  200  12:00  Infernal Pre-Igniter  
  200  12:01  Smart Servos  
  200  12:03  Neosteel Armor  
  199  12:14  SCV  
  199  12:15  SCV x4  
  189  12:16  SCV  
  189  12:18  Thor  
  189  12:19  Thor  
  189  12:20  Hellion  
  189  12:21  Hellion x2  
  198  12:26  SCV  
  198  12:27  SCV x2  
  198  12:28  Thor  
  171  12:31  Hellion x5  
  157  12:37  Thor  
  157  12:38  Hellion  
  157  12:39  Hellion x2  
  155  12:46  Thor  
  133  12:58  Thor  
  133  13:09  Thor  
  130  13:16  Thor  
  130  13:17  Hellbat x3  
  130  13:18  Hellbat x4  
  123  13:27  Hellbat x2  
  119  13:36  Thor  
  119  13:40  Hellbat  
  118  13:42  SCV x2  
  118  13:43  SCV  
  118  13:44  Hi-Sec Auto Tracking  
  115  13:53  Thor  
  121  14:01  SCV x2  
  121  14:02  SCV x3  
  118  14:13  SCV  
  118  14:14  SCV x4  
  118  14:16  Thor  
  129  14:24  Thor  
  129  14:26  SCV  
  129  14:27  SCV x2  
  129  14:28  SCV  
  129  14:29  SCV  
  140  14:35  Thor  
  146  14:41  Planetary Fortress  
  146  14:45  Planetary Fortress  
  146  14:47  Thor  
  152  14:53  Thor  
  152  14:54  SCV  
  152  14:55  SCV  
  152  14:57  SCV  
  161  15:02  SCV  
  161  15:07  SCV  
  163  15:08  SCV, Thor  
  163  15:09  SCV  
  171  15:14  Thor, SCV  
  178  15:24  Thor, Refinery  
  178  15:27  Thor  
  190  15:29  Hellbat  
  190  15:31  Hellbat  
  190  15:33  Hellbat  
  193  15:39  Thor  
  197  16:05  Thor  
  197  16:07  SCV x3  
  197  16:08  SCV x2  
  186  16:11  Command Center  
  186  16:12  Thor  
  186  16:17  Thor  
  186  16:24  Hellbat x3  
  186  16:25  Hellbat x3  
  195  16:33  Thor  
  198  16:42  Hellbat  
  198  16:43  Hellbat  
  198  16:45  SCV  
  198  16:46  SCV x4  
  191  16:57  SCV  
  191  16:58  SCV x3  
  189  17:07  Thor x2  
  198  17:24  Command Center  
  195  17:39  Hellbat x2  
  199  17:45  SCV  
  200  17:57  Thor  
  194  18:08  Missile Turret  
  198  18:21  Refinery x2  
  198  18:33  Factory  
Show
View Real Time Build Order
Export as new Build Order

Maximus Protoss 

Build Orders: 1 Gate Expand, Archon Immortal 

Get SALT Encoding   

  12  0:00  Probe  
  13  0:12  Probe  
  14  0:18  Pylon  
  14  0:24  Probe  
  15  0:39  Gateway  
  15  0:45  Probe (Chrono Boost)  
  15  0:49  Assimilator  
  16  0:56  Probe (Chrono Boost)  
  17  1:10  Probe (Chrono Boost)  
  18  1:18  Probe (Chrono Boost)  
  18  1:24  Nexus  
  19  1:28  Probe  
  20  1:39  Cybernetics Core  
  20  1:42  Probe  
  21  2:02  Probe  
  21  2:06  Assimilator  
  22  2:14  Pylon  
  22  2:15  Warp Gate (Chrono Boost)  
  22  2:17  Probe  
  23  2:26  Pylon  
  23  2:32  Probe, Stalker  
  26  2:40  Probe  
  26  2:44  Probe  
  28  2:48  Robotics Facility  
  28  2:55  Probe  
  28  2:56  Probe  
  30  3:02  Stalker  
  32  3:07  Probe (Chrono Boost)  
  34  3:14  Probe (Chrono Boost)  
  34  3:17  Probe (Chrono Boost)  
  35  3:22  Probe (Chrono Boost)  
  35  3:23  Probe (Chrono Boost)  
  38  3:35  Probe (Chrono Boost)  
  38  3:38  Probe (Chrono Boost)  
  41  3:49  Probe x2  
  41  3:50  Stalker, Nexus  
  41  3:52  Pylon  
  41  3:53  Pylon  
  41  3:55  Assimilator  
  43  3:57  Observer  
  43  4:01  Probe  
  45  4:08  Probe  
  46  4:13  Stalker, Probe  
  49  4:18  Gateway  
  49  4:20  Probe  
  49  4:21  Pylon  
  49  4:23  Immortal  
  54  4:34  Probe x2, Assimilator  
  54  4:37  Stalker  
  58  4:46  Probe x2  
  60  4:59  Probe (Chrono Boost)  
  62  5:00  Probe (Chrono Boost)  
  62  5:03  Probe (Chrono Boost)  
  63  5:08  Sentry  
  63  5:09  Stalker  
  63  5:10  Immortal  
  63  5:11  Probe x2 (Chrono Boost)  
  63  5:12  Probe (Chrono Boost)  
  74  5:16  Pylon  
  74  5:20  Pylon  
  74  5:25  Probe x2, Forge  
  74  5:26  Probe, Forge  
  77  5:28  Twilight Council  
  77  5:32  Stalker  
  77  5:33  Stalker  
  81  5:37  Probe x2  
  81  5:38  Probe  
  84  5:49  Probe x2  
  86  5:50  Probe  
  87  5:57  Charge, Stalker  
  87  5:58  Stalker  
  87  5:59  Immortal  
  87  6:01  Probe x2  
  87  6:02  Probe  
  87  6:03  Protoss Ground Weapons Level 1 (Chrono Boost), Protoss Ground Armor Level 1 (Chrono Boost)  
  98  6:21  Nexus  
  98  6:23  Pylon  
  98  6:30  Probe x3  
  98  6:32  Assimilator  
  101  6:35  Assimilator  
  101  6:40  Stalker x2  
  101  6:41  Immortal  
  101  6:42  Probe  
  110  6:49  Gateway  
  110  6:50  Gateway  
  110  7:02  Probe x2  
  110  7:03  Probe  
  113  7:10  Zealot  
  113  7:11  Zealot  
  117  7:21  Pylon  
  117  7:23  Pylon  
  117  7:26  Pylon  
  117  7:27  Robotics Facility, Pylon  
  117  7:29  Gateway  
  117  7:32  Pylon  
  117  7:33  Probe x3  
  117  7:34  Pylon  
  117  7:35  Immortal  
  117  7:36  Pylon  
  124  7:39  Pylon  
  124  7:40  Zealot  
  124  7:41  Zealot  
  124  7:43  Zealot x2  
  132  7:49  Templar Archives  
  132  7:55  Probe  
  132  7:56  Probe x3  
  136  8:08  Probe x2  
  138  8:14  Immortal, Assimilator  
  138  8:18  Assimilator  
  138  8:19  Nexus, Immortal  
  146  8:21  Pylon  
  146  8:23  Pylon  
  146  8:27  High Templar x5  
  156  8:53  Gateway  
  156  8:54  Gateway  
  156  8:56  Gateway  
  156  8:57  Gateway  
  156  9:01  Gateway x2  
  156  9:04  Gateway, Immortal x2  
  156  9:06  Gateway  
  156  9:09  Archon x2  
  164  9:16  High Templar x5  
  174  9:27  Protoss Ground Weapons Level 2, Protoss Ground Armor Level 2  
  174  9:30  Probe x4  
  178  9:40  Assimilator  
  178  9:42  Probe, Assimilator  
  178  9:43  Immortal  
  182  9:52  Archon x2  
  159  10:00  Zealot x5  
  159  10:01  Zealot x8  
  159  10:04  Immortal  
  169  10:09  Archon  
  113  10:23  Immortal, Zealot x10  
  113  10:24  Zealot x2  
  113  10:25  Zealot  
  131  10:35  Probe x2 (Chrono Boost), Nexus  
  135  10:39  Pylon, Probe x2 (Chrono Boost)  
  135  10:41  Pylon  
  135  10:47  Probe x2 (Chrono Boost)  
  135  10:48  Immortal, Assimilator  
  143  10:50  Probe x2 (Chrono Boost)  
  143  10:51  Probe x2 (Chrono Boost)  
  143  10:54  High Templar x6  
  143  10:55  High Templar  
  159  10:57  High Templar  
  159  11:01  Probe  
  159  11:02  Archon x3, Immortal  
  159  11:03  Archon  
  166  11:10  Probe x3  
  169  11:17  Probe  
  170  11:23  Zealot x5  
  180  11:27  Immortal, Stalker x7  
  180  11:29  Probe  
  199  11:50  Assimilator  
  194  12:13  Zealot x3  
  154  12:33  Immortal (Chrono Boost)  
  154  12:34  Immortal (Chrono Boost), Stalker x7  
  154  12:35  Stalker x6  
  140  12:58  Zealot x10  
  148  12:59  Zealot x3  
  156  13:06  Immortal x2  
  140  13:29  Stalker x13  
  154  13:42  Immortal x2 (Chrono Boost)  
  136  14:14  Immortal x2 (Chrono Boost)  
  144  14:20  Stalker x8  
  144  14:21  Stalker x3  
  144  14:23  Zealot x2  
  170  14:30  Protoss Ground Weapons Level 3 (Chrono Boost)  
  170  14:34  Assimilator  
  170  14:35  Pylon  
  170  14:38  Pylon x2  
  170  14:40  Assimilator  
  170  14:41  Protoss Ground Armor Level 3 (Chrono Boost)  
  170  14:46  Immortal x2 (Chrono Boost)  
  178  15:05  Zealot x6  
  178  15:06  Zealot x5  
  199  15:26  Pylon, Nexus  
  199  15:28  Pylon  
  199  15:30  Assimilator  
  199  15:31  Assimilator  
  197  15:40  Zealot  
  199  15:50  Nexus  
  143  16:14  Zealot x5  
  143  16:15  Zealot x8  
  119  16:26  Gateway  
  119  16:27  Gateway  
  119  16:28  Gateway  
  119  16:32  Gateway  
  119  16:34  Gateway  
  119  16:37  Robotics Facility  
  119  16:39  Robotics Facility  
  119  16:41  Gateway  
  119  16:43  Zealot x6  
  119  16:45  Stalker x7, Immortal x2 (Chrono Boost)  
  99  17:06  High Templar x6  
  99  17:08  High Templar x7  
  118  17:12  Archon  
  118  17:13  Archon x5  
  123  17:17  Immortal x2  
  97  17:39  Immortal  
  102  17:45  Zealot x7  
  102  17:46  Zealot x12  
  84  18:10  Stalker x5  
  86  18:18  Stalker x5  
  86  18:19  Stalker x2  
  100  18:25  Stalker  
  100  18:26  Stalker  
Tags
 
Add a new tag
Caveats
  • Supply blocks, unpowered buildings, or Contaminate may cause inaccurate times.
  • Supply counts are checked every 10 seconds.